 Dungeon Crawl Stone Soup version 0.21-a0-578-gc6e9d75 (webtiles) character file.

79 slep the Chopper (level 4, 0/34 HPs)
             Began as a Demonspawn Gladiator on Dec 19, 2017.
             Slain by an adder (3 damage)
             ... on level 2 of the Dungeon.
             The game lasted 00:03:35 (758 turns).

slep the Chopper (Demonspawn Gladiator)              Turns: 758, Time: 00:03:35

Health: 0/34       AC:  4    Str: 15    XL:     4   Next: 17%
Magic:  4/4        EV: 13    Int:  9    God:
Gold:   19         SH:  0    Dex: 15    Spells: 3/3 levels left

rFire    x . .     SeeInvis .   a - +0 war axe
rCold    + . .     Gourm    .   (no shield)
rNeg     . . .     Faith    .   b - +0 leather armour
rPois    .         Spirit   .   (helmet restricted)
rElec    .         Reflect  .   i - +0 cloak
rCorr    .         Harm     .   (no gloves)
MR       .....                  (no boots)
Stlth    +.........             (no amulet)
HPRegen  0.11/turn              j - ring of flight
MPRegen  0.09/turn              k - ring of ice

@: lethally poisoned (0 -> -1)
A: horns 1
a: Evoke Flight


You were on level 2 of the Dungeon.
You were not hungry.

You visited 1 branch of the dungeon, and saw 2 of its levels.

You collected 19 gold pieces.

Inventory:

Hand Weapons
 a - a +0 war axe (weapon)
Missiles
 d - 3 throwing nets (quivered)
 l - 12 poisoned needles
Armour
 b - a +0 leather armour (worn)
 c - a +0 helmet
 i - a +0 cloak (worn)
Jewellery
 j - a ring of flight (left hand)
 k - a ring of ice (right hand)
Scrolls
 e - a scroll of enchant weapon {unknown}
 g - 3 scrolls of identify {unknown}
Potions
 h - a potion of curing {unknown}
Comestibles
 f - 2 rations


   Skills:
 + Level 2.3 Fighting
 + Level 3.7 Axes
 + Level 2.0 Throwing
 + Level 1.0 Armour
 + Level 3.0 Dodging
 + Level 0.5 Stealth


You had 3 spell levels left.
You didn't know any spells.

Dungeon Overview and Level Annotations

Branches:
Dungeon (2/15)

Altars:


Innate Abilities, Weirdness & Mutations

You have a pair of small horns on your head.


Message History

You completely miss the worm.
You feel sick. The adder bites you.
You slash the worm!
The worm is heavily wounded.
You hit the adder. The adder closely misses you. The worm bites you!
* * * LOW HITPOINT WARNING * * *
The adder misses you.
You hit the adder. Your headbutt misses the adder.
The adder is heavily wounded.
You hit the worm. The adder bites you but does no damage. The worm misses you.
The adder barely misses you.
You barely miss the adder. You headbutt the adder.
The adder is heavily wounded.
You hit the worm.
You feel sick. The adder misses you. The worm barely misses you.
The adder completely misses you.
You hit the adder.
The adder is severely wounded.
You hit the worm.
You kill the worm!
The adder bites you.
You die...

#...# ..
##...##.#
........#
...%...# ##
......
#.#####...####
#...S††)....##
#.##@)......)
#.#.###.#.##
##..# ##.###
#<## #.## #..
###


You could see an adder.

Vanquished Creatures
  A jelly (D:2)
  An adder (D:2)
  An ooze (D:2)
  A worm (D:2)
  2 leopard geckos (D:1)
  6 goblins
  3 hobgoblins
  4 jackals (D:1)
  2 kobolds (D:1)
  A ball python (D:1)
  5 bats
  5 rats (D:1)
32 creatures vanquished.

Notes
Turn   | Place    | Note
-------+----------+-------------------------------------------
     0 | D:1      | slep the Demonspawn Gladiator began the quest for the Orb.
     0 | D:1      | Reached XP level 1. HP: 16/16 MP: 1/1
    97 | D:1      | Gained mutation: You have a pair of small horns on your head. [demonic ancestry]
    97 | D:1      | Reached XP level 2. HP: 12/22 MP: 2/2
   602 | D:1      | Reached XP level 3. HP: 27/27 MP: 3/3
   749 | D:2      | Reached skill level 1 in Armour
   749 | D:2      | Reached XP level 4. HP: 16/34 MP: 4/4
   758 | D:2      | Slain by an adder

Vault maps used:
D:1:      dpeg_arrival_simpleton_c
D:2:      lemuel_coloured_pillars_altar

Skill      XL: |  1  2  3 |
---------------+----------+-----
Axes           | 3 |  3.7
Throwing       | 2 |  2.0
Dodging        | 3 |  3.0
Armour         | 1 |  1.0
Fighting       | |  2.3
Stealth        | |  0.5

Action                   |  1- 3 |  4- 6 || total
-------------------------+-------+-------++-------
Melee: War axe           |    74 |     7 ||    81
       Headbutt          |     9 |     2 ||    11
 Stab: Sleeping          |     1 |       ||     1
Armor: Leather armour    |    28 |     1 ||    29
Dodge: Dodged            |    55 |    11 ||    66

Table legend:
 A = Spawn XP
 B = Non-spawn XP
 C = Spawn XP percentage of total XP
 D = Spawn monster count
 E = Non-spawn monster count
 F = Spawn count percentage of total count
 G = Total turns spent on level
                    A         B        C        D         E        F      G
               +---------+---------+-------+---------+---------+-------+---------
         Total |       0 |     114 |   0.0 |       0 |      32 |   0.0 |   758
               +---------+---------+-------+---------+---------+-------+---------
           D:1 |       0 |      45 |   0.0 |       0 |      25 |   0.0 |   735
           D:2 |       0 |      69 |   0.0 |       0 |       7 |   0.0 |    23
               +---------+---------+-------+---------+---------+-------+---------
